AoeStats
← GoldPhantom

Fortress

508421861Analyzed
4v4 RM · 11d ago on Sep 22, 2026· 54m 24s· 8 players
Game mode
Random Map
Map size
Huge
Population
200
Speed
Normal
Resources
Standard
Victory
Conquest
Starting age
Dark Age
Ending age
Imperial Age
RankedLock teamsTeams togetherTeam positionsShared explorationLock speedFull tech treeHidden civsTurbo modeCheats
Victory
Defeat
🇺🇸 Wei · United States
810
+13
🇭🇰 Lithuanians · Hong Kong SAR China
805
+13
🇦🇺 Celts · Australia
797
+13
🇺🇸 Spanish · United States
769
+14
🇮🇳 Celts · India
808
-16
🇪🇸 Hindustanis · Spain
772
-15
🇹🇷 Turks · Türkiye
710
-29
🇮🇳 Portuguese · India
638
-10
Conde Rubio
6:22 Feudal Age
7:04 Double-Bit Axe
7:03 Horse Collar
14:46 Castle Age
13:20 Gold Mining
15:26 Wheelbarrow
16:29 Heavy Plow
17:00 Forging
16:51 Scale Mail Armor
18:30 Bow Saw
21:32 Hand Cart
26:16 Imperial Age
23:32 Loom
26:29 Gold Shaft Mining
26:48 Iron Casting
26:29 Chain Mail Armor
26:05 Fletching
27:53 Conscription
26:54 Elite Ghulam
29:59 Chemistry
29:19 Ballistics
30:20 Pikeman
30:52 Town Watch
45:58 Thumb Ring
xxbysnipxx
9:26 Feudal Age
16:01 Castle Age
14:05 Double-Bit Axe
20:54 Pikeman
24:15 Scale Mail Armor
24:27 Horse Collar
27:04 Chain Mail Armor
27:00 Forging
28:46 Heavy Plow
31:58 Imperial Age
31:40 Ballistics
31:57 Bow Saw
32:30 Iron Casting
32:29 Capped Ram
32:36 Halberdier
34:17 Furor Celtica
35:32 Siege Ram
37:55 Blast Furnace
37:26 Plate Mail Armor
42:10 Siege Engineers
48:24 Elite Woad Raider
48:54 Stronghold
50:02 Elite Woad Raider
saioa08
6:38 Feudal Age
11:44 Castle Age
25:58 Imperial Age
26:03 Wheelbarrow
26:05 Fortified Wall
25:52 Horse Collar
27:47 Hand Cart
33:37 Gold Mining
33:54 Guard Tower
34:00 Murder Holes
34:10 Siege Engineers
34:16 Masonry
33:46 Treadmill Crane
33:57 Heated Shot
34:27 Ballistics
35:25 Scale Barding Armor
35:21 Scale Mail Armor
35:32 Forging
35:12 Fletching
35:23 Padded Archer Armor
35:10 Elite Organ Gun
44:18 Double-Bit Axe
50:46 Bow Saw
simal
5:50 Feudal Age
6:16 Horse Collar
12:28 Double-Bit Axe
14:06 Wheelbarrow
14:58 Town Watch
20:19 Gold Mining
26:52 Castle Age
26:11 Fletching
26:22 Padded Archer Armor
26:23 Scale Mail Armor
26:29 Scale Barding Armor
26:35 Forging
27:57 Hand Cart
27:50 Town Patrol
27:56 Heavy Plow
33:42 Caravan
37:16 Imperial Age
35:11 Bow Saw
39:02 Gold Shaft Mining
38:20 Stone Mining
39:14 Sipahi
41:39 Bloodlines
41:31 Husbandry
i2i Vibe
7:03 Feudal Age
5:19 Loom
7:33 Double-Bit Axe
7:35 Horse Collar
14:24 Castle Age
13:02 Gold Mining
13:03 Stone Mining
16:51 Scale Barding Armor
19:03 Bloodlines
20:48 Wheelbarrow
25:59 Imperial Age
24:29 Husbandry
27:02 Forging
27:53 Heavy Hei Guang Cavalry
28:55 Chain Barding Armor
29:14 Iron Casting
31:26 Chain Barding Armor
35:35 Hand Cart
35:15 Fletching
37:16 Blast Furnace
40:01 Tuntian
43:38 Bodkin Arrow
45:38 Gold Shaft Mining
45:09 Bracer
47:16 Man-at-Arms
48:01 Scale Mail Armor
48:41 Long Swordsman
49:58 Chain Mail Armor
53:16 Two-Handed Swordsman
53:50 Arson
54:06 Squires
Strive4Richs601
7:13 Feudal Age
8:01 Double-Bit Axe
7:59 Horse Collar
8:20 Gold Mining
10:03 Wheelbarrow
16:25 Castle Age
16:27 Stone Mining
16:30 Fletching
16:40 Padded Archer Armor
16:51 Forging
16:52 Scale Barding Armor
21:09 Town Watch
27:22 Bodkin Arrow
27:52 Chain Barding Armor
28:32 Ballistics
31:11 Hand Cart
30:59 Heavy Plow
31:10 Bow Saw
32:30 Leather Archer Armor
35:52 Imperial Age
39:48 Fortified Wall
39:34 Murder Holes
39:49 Masonry
39:52 Loom
41:29 Caravan
42:21 Conscription
42:42 Hoardings
44:17 Elite Conquistador
47:14 Cavalier
47:57 Husbandry
48:10 Bloodlines
48:40 Paladin
Pro
8:43 Feudal Age
13:10 Castle Age
11:16 Double-Bit Axe
11:15 Horse Collar
16:34 Bow Saw
17:15 Heavy Plow
20:12 Wheelbarrow
19:50 Stone Mining
20:56 Gold Mining
22:26 Hand Cart
21:58 Town Watch
24:11 Gold Shaft Mining
24:14 Stone Shaft Mining
23:44 Scale Mail Armor
27:27 Imperial Age
25:49 Town Patrol
26:30 Pikeman
28:41 Conscription
28:34 Fletching
29:00 Furor Celtica
29:59 Chemistry
28:28 Halberdier
29:37 Bodkin Arrow
30:07 Elite Woad Raider
36:53 Chain Mail Armor
36:50 Forging
36:50 Siege Engineers
36:26 Treadmill Crane
38:20 Light Cavalry
39:01 Husbandry
39:14 Scale Barding Armor
39:40 Plate Mail Armor
39:47 Iron Casting
39:37 Ballistics
39:28 Masonry
39:29 Fortified Wall
39:20 Hussar
GoldPhantom
6:07 Feudal Age
4:24 Loom
6:33 Double-Bit Axe
14:58 Castle Age
13:14 Horse Collar
15:38 Bloodlines
16:15 Bow Saw
19:21 Heavy Plow
20:27 Fervor
20:39 Husbandry
21:20 Wheelbarrow
21:12 Town Watch
23:33 Husbandry
23:41 Scale Barding Armor
25:36 Forging
25:52 Hand Cart
28:22 Stone Mining
31:05 Imperial Age
29:12 Town Patrol
29:29 Fortified Wall
29:58 Light Cavalry
30:42 Squires
30:43 Gold Mining
31:17 Elite Leitis
32:27 Caravan
32:43 Elite Skirmisher
33:28 Thumb Ring
33:49 Chain Barding Armor
33:20 Fletching
34:05 Conscription
36:51 Two-Man Saw
36:29 Iron Casting
36:31 Plate Barding Armor
36:46 Ballistics
36:28 Padded Archer Armor
38:36 Chemistry
37:34 Bodkin Arrow
37:52 Masonry
38:49 Tower Shields
39:36 Scale Mail Armor
40:39 Bracer
41:19 Hoardings
43:09 Crop Rotation
42:59 Guilds
43:40 Sanctity
42:53 Cavalier
45:29 Leather Archer Armor
45:29 Chain Mail Armor
44:38 Pikeman
46:42 Stone Shaft Mining
45:31 Man-at-Arms
45:37 Halberdier
46:51 Architecture
46:01 Treadmill Crane
46:13 Guard Tower
46:20 Murder Holes
49:57 Ring Archer Armor
48:51 Winged Hussar
48:54 Paladin
48:55 Winged Hussar
Connection lost

Rejoining the realm…

Still unreachable

The connection could not be restored.

Session expired

The server has moved on; the page needs a fresh start.